 Dungeon Crawl Stone Soup version 0.17-a0-2127-g1cb09f6 (webtiles) character file.

898 Ijustatesigmund the Covert (level 8, -1/51 HPs)
             Began as an Octopode Assassin on Oct 23, 2015.
             Was a Follower of Dithmenos.
             Slain by a hippogriff (3 damage)
             ... on level 5 of the Dungeon.
             The game lasted 00:15:37 (5032 turns).

Ijustatesigmund the Covert (Octopode Assassin)      Turns: 5032, Time: 00:15:37

Health: -1/51      AC:  1    Str: 10    XL:     8   Next: 7%
Magic:  11/11      EV: 12    Int: 15    God:    Dithmenos [*.....]
Gold:   268        SH:  0    Dex: 14    Spells: 0 memorised, 7 levels left

rFire  . . .     SeeInvis .     a - +5 dagger
rCold  . . .     Clarity  .     (no shield)
rNeg   . . .     SustAt   .     (helmet restricted)
rPois  .         Gourm    .     (no amulet)
rElec  .         Spirit   .     p - ring of flight
rCorr  .         Warding  .     (no ring)
rMut   .         Stasis   .     (no ring)
MR     .....                    (no ring)
Stlth  +++++++...               (no ring)
                                (no ring)
                                (no ring)
                                (no ring)

@: wreathed by umbra, not resistant to hostile enchantments, extremely stealthy
A: almost no armour, amphibious, 8 rings, constrict 8, camouflage 1, gelatinous
body 1
a: Renounce Religion, Evoke Flight


You were on level 5 of the Dungeon.
You worshipped Dithmenos.
Dithmenos was aware of your devotion.
You were not hungry.

You visited 1 branch of the dungeon, and saw 5 of its levels.

You collected 268 gold pieces.

Inventory:

Hand Weapons
 a - a +5 dagger (weapon)
 b - a +1 blowgun
 o - a cursed -2 dagger
Missiles
 c - 19 poisoned needles
 d - 2 curare-tipped needles
 l - 8 needles of sleeping
 s - 3 tomahawks (quivered)
Jewellery
 p - a ring of flight (left tentacle)
Wands
 k - a wand of slowing (23)
 t - a wand of lightning (6)
Scrolls
 i - a scroll of remove curse
 m - a scroll of teleportation
 w - a scroll of magic mapping
Potions
 f - 2 potions of flight
 h - 3 potions of ambrosia
 j - 2 potions of curing
 n - a potion of resistance
 q - 3 potions of heal wounds
 r - 3 potions of might
 z - a potion of brilliance
Books
 x - Sif Muna's Grimoire of Shape Shifting
   (You found it on level 5 of the Dungeon)

   Spells                             Type                      Level
   a - Beastly Appendage              Transmutation                1
Comestibles
 e - 2 bread rations
 g - 2 meat rations


   Skills:
 + Level 2.4 Fighting
 - Level 4.0 Short Blades
 - Level 3.0 Throwing
 + Level 2.0 Dodging
 + Level 9.6 Stealth
 - Level 5.0 Invocations


You had 7 spell levels left.
You didn't know any spells.

Dungeon Overview and Level Annotations

Branches:
Dungeon (5/15)
 Temple: D:4-7

Altars:
Dithmenos
Sif Muna
Trog


Innate Abilities, Weirdness & Mutations

You cannot wear most types of armour.
You are amphibious.
You can wear up to eight rings at the same time.
You can use your tentacles to constrict eight enemies at once.
Your skin changes colour to match your surroundings (Stealth).
Your rubbery body absorbs attacks (AC +1).


Message History

The hippogriff is severely wounded.
The hippogriff bites you! The hippogriff pecks you! The hippogriff claws you!
You closely miss the hippogriff.
The hippogriff is severely wounded.
You hit the hippogriff.
The hippogriff is almost dead.
The hippogriff bites you. The hippogriff misses you.
The hippogriff completely misses you.
You hit the hippogriff.
The hippogriff is almost dead.
The hippogriff bites you.
* * * LOW HITPOINT WARNING * * *
The hippogriff pecks you.
* * * LOW HITPOINT WARNING * * *
The hippogriff claws you.
* * * LOW HITPOINT WARNING * * *
You hit the hippogriff.
The hippogriff is almost dead.
The hippogriff closely misses you. The hippogriff pecks you.
You die...

#.#...#.....#
#.#.#.#.###.###.#
#.#...<.# #.....#
#####.##.##.###.#####
#.....#...#.....#
#.............###
#######...###.#
##.########.## #.#
((((.(H@....# #.#
##.########## #.# #.#
#.# #.# ..#


You could see a hippogriff.

Vanquished Creatures
  Grinder (D:4)
  A sky beast (D:5)
  An ogre (D:4)
  A jelly (D:5)
  2 orc priests (D:4)
  Ijyb (D:3)
  A hound (D:5)
  An iguana (D:4)
  3 orc wizards
  A worker ant (D:4)
  3 gnolls (D:3)
  8 adders
  2 oozes
  An adder zombie (D:5)
  A worm (D:3)
  5 giant geckos
  23 orcs
  A ball python (D:4)
  8 bats
  4 giant cockroaches
  6 goblins
  7 hobgoblins
  3 jackals (D:3)
  2 kobolds
  5 giant newts
  A jackal skeleton (D:4)
  3 quokkas
  6 rats
102 creatures vanquished.

Notes
Turn   | Place    | Note
--------------------------------------------------------------
     0 | D:1      | Ijustatesigmund the Octopode Assassin began the quest for the Orb.
     0 | D:1      | Reached XP level 1. HP: 14/14 MP: 1/1
   107 | D:1      | Reached XP level 2. HP: 14/19 MP: 2/2
   623 | D:1      | Reached XP level 3. HP: 21/24 MP: 3/3
  1534 | D:3      | Reached skill level 6 in Stealth
  1534 | D:3      | Reached XP level 4. HP: 29/29 MP: 4/4
  1855 | D:3      | Found a shadowy altar of Dithmenos.
  1892 | D:3      | Became a worshipper of Dithmenos the Shadowed
  2525 | D:4      | Reached XP level 5. HP: 34/34 MP: 5/5
  2624 | D:3      | Found a bloodstained altar of Trog.
  2644 | D:3      | Reached skill level 1 in Invocations
  2760 | D:3      | Noticed Ijyb
  2855 | D:3      | Killed Ijyb
  3403 | D:3      | Reached * piety under Dithmenos
  3403 | D:3      | Reached skill level 7 in Stealth
  3503 | D:4      | Reached XP level 6. HP: 39/39 MP: 7/7
  4139 | D:4      | Noticed an ogre
  4141 | D:4      | Killed an ogre
  4141 | D:4      | Reached skill level 8 in Stealth
  4141 | D:4      | Reached XP level 7. HP: 45/45 MP: 9/9
  4199 | D:4      | Noticed Grinder
  4206 | D:4      | Killed Grinder
  4206 | D:4      | Reached skill level 9 in Stealth
  4248 | D:5      | Entered Level 5 of the Dungeon
  4251 | D:5      | Reached skill level 5 in Invocations
  4257 | D:5      | Found a deep blue altar of Sif Muna.
  4280 | D:5      | Identified Sif Muna's Grimoire of Shape Shifting
  4686 | D:5      | Reached XP level 8. HP: 9/51 MP: 11/11
  5031 | D:5      | HP: 2/51 [hippogriff (4)]
  5032 | D:5      | Slain by a hippogriff

Vault maps used:
D:1:      dpeg_arrival_tiny_a, glass_columns_a, minmay_fountain_box,
          minmay_box_of_dots
D:2:      first_bread, serial_bayou_lagoon_a, patterned_corridor
D:3:      nicolae_dithmenos_through_a_glass_darkly, trog_three_pillars_becter,
          uniq_iyjb
D:4:      st_stairs_1, hangedman_minor_gate_pass, uniq_grinder
D:5:      led_sif_book

Action                   |  1- 3 |  4- 6 |  7- 9 || total
-------------------------+-------+-------+-------++-------
Melee: Dagger            |    41 |   160 |    38 ||   239
Throw: Tomahawk          |       |     1 |    16 ||    17
  Use: Scroll            |     9 |    11 |     5 ||    25
       Potion            |       |     2 |       ||     2
 Stab: Sleeping          |    19 |     9 |     3 ||    31
       Distracted        |       |     1 |       ||     1
  Eat: Bread ration      |     1 |       |       ||     1
       Chunk             |       |     6 |     1 ||     7
       Royal jelly       |       |       |     1 ||     1
